 Dungeon Crawl Stone Soup version 0.27-a0-1548-gf8a67e7463 (webtiles) character file.

Game seed: 5155065992031896464

13 tilp the Caller (level 2, -4/22 HPs)
             Began as a Barachi Summoner on July 13, 2021.
             Succumbed to a kobold's poison
             ... on level 2 of the Dungeon.
             The game lasted 00:02:21 (1945 turns).

tilp the Caller (Barachi Summoner)                  Turns: 1945, Time: 00:02:21

Health: -4/22      AC:  2    Str:  9    XL:     2   Next: 37%
Magic:  1/5        EV: 12    Int: 15    God:
Gold:   21         SH:  0    Dex: 12    Spells: 2/5 levels left

rFire    . . .     SeeInvis .   a - +0 dagger
rCold    . . .     Faith    .   (no shield)
rNeg     . . .     Spirit   .   b - +0 robe
rPois    .         Reflect  .   (no helmet)
rElec    .         Harm     .   (no cloak)
rCorr    .         Rampage  .   (no gloves)
Will     .....                  (no boots)
Stlth    ++........             (no amulet)
HPRegen  0.07/turn              (no ring)
MPRegen  0.09/turn              (no ring)

@: lethally poisoned (-4 -> -32), slow
A: amphibious, slowness 1, strong legs 1, +LOS
a: Hop


You were on level 2 of the Dungeon.
You visited 1 branch of the dungeon, and saw 2 of its levels.

You collected 49 gold pieces.
You spent 28 gold pieces at shops.

Inventory:

Hand Weapons
 a - a +0 dagger (weapon)
Armour
 b - a +0 robe (worn)
Scrolls
 d - a scroll of holy word {unknown}
 f - a scroll of identify
 g - 3 scrolls of magic mapping {unknown}
Potions
 c - a potion of cancellation
 e - a potion of curing


   Skills:
 - Level 2.0 Fighting
 - Level 2.1 Dodging
 - Level 1.7 Stealth
 + Level 2.3 Spellcasting
 + Level 4.9 Summonings


You had 2 spell levels left.
You knew the following spells:

 Your Spells              Type           Power      Damage    Failure   Level
a - Summon Small Mammal   Summ           64%        N/A       2%          1
b - Call Imp              Summ           16%        N/A       4%          2

Your spell library contained the following spells:

 Spells                   Type           Power      Damage    Failure   Level
 Call Canine Familiar     Summ           16%        N/A       9%          3
 Summon Guardian Golem    Hex/Summ       9%         N/A       24%         3
 Tukima's Dance           Hex            1%         N/A       54%         3
 Summon Lightning Spire   Summ/Air       9%         N/A       61%         4
 Passage of Golubria      Tloc           N/A        N/A       91%         4
 Yara's Violent Unravell  Hex/Tmut       0%         3d3       99%         5


Dungeon Overview and Level Annotations

Branches:
Dungeon (2/15)

Altars:

Shops:
D:1 *

Annotations:
D:1 fly vault


Innate Abilities, Weirdness & Mutations

You are amphibious.
You cover ground slowly.
You can hop short distances.
You have an extended range of vision and can be seen from far away.


Message History

Your white imp disappears in a puff of smoke!
You swap places.
You see here a ball python corpse.
Found 3 scrolls labelled AJIUZIXZ BEGI.
g - 3 scrolls labelled AJIUZIXZ BEGI A kobold comes into view.
It is wielding a +1 dagger of venom.
A kobold is nearby!
A kobold is nearby!
A kobold is nearby!
Your crimson imp blinks!
Casting: Call Imp (safe; 4% risk of failure)
Confirm with . or Enter, or press ? or * to list all spells.
A beastly little devil appears in a puff of flame.
The kobold shouts!
Casting: Call Imp (safe; 4% risk of failure)
Confirm with . or Enter, or press ? or * to list all spells.
A beastly little devil appears in a puff of frigid air.
You swap places.
The kobold throws a stone.
The stone closely misses you. The stone hits your crimson imp.
The kobold hits you with a +1 dagger of venom.
You are poisoned.
Unknown command.
You hit the kobold but do no damage.
You feel very sick.
The kobold hits you with a +1 dagger of venom.
You are lethally poisoned!
Unknown command.
You barely miss the kobold.
You feel very sick. The kobold hits you but does no damage.
You are more poisoned.
An endoplasm comes into view.
You closely miss the kobold.
* * * LOW HITPOINT WARNING * * *
You feel very sick. The kobold hits you but does no damage.
You are more poisoned.
Unknown command.
You swap places.
You die...

## .#. .....#
####..#.### #####
#.....#.... ...##
##....>#.... J..
...#.>..... #K#
###....#.[.. #5##
#......#....
#@##.##...........
#5##...........#.#
#5#####.....####.#
#....##...<.# #.#
####.####.######.#
#.# #......#.# #.#
######.#.#
##.#########.#.#
#.....†.........


You could see an endoplasm, a kobold (ally target), 2 friendly crimson imps and
a friendly white imp (summoned).

Vanquished Creatures
  An endoplasm (D:1)
  A bat (D:2)
  A goblin (D:1)
  A kobold (D:1)
4 creatures vanquished.

Vanquished Creatures (collateral kills)
  2 bats (D:1)
  An endoplasm (D:1)
  A giant cockroach (D:1)
  2 goblins
  3 hobgoblins (D:1)
  A kobold (D:1)
  3 quokkas (D:1)
  A ball python (D:2)
  A rat (D:1)
15 creatures vanquished.

Grand Total: 19 creatures vanquished

Notes
Turn   | Place    | Note
-------+----------+-------------------------------------------
     0 | D:1      | tilp the Barachi Summoner began the quest for the Orb.
     0 | D:1      | Reached XP level 1. HP: 13/13 MP: 3/3
   106 | D:1      | Found Loecipe's General Store.
   149 | D:1      | Reached skill level 1 in Fighting
   498 | D:1      | Bought a scroll of identify for 28 gold pieces
   983 | D:1      | Reached XP level 2. HP: 20/22 MP: 0/5
   986 | D:1      | Learned a level 2 spell: Call Imp
  1371 | D:1      | Found a faded altar of an unknown god.
  1945 | D:2      | Succumbed to a kobold's poison

Illustrated notes

Levels and vault maps discovered:
D:1:      lemuel_arrival_lava_pool, layout_basic,
          hellmonk_ecumenical_altar_zigzags, serial_shops, shop
D:2:      layout_loops_ring

Skill      XL: |  1  2 |
---------------+-------+-----
Fighting       | 1 2 |  2.0
Dodging        | |  2.1
Stealth        | |  1.7
Spellcasting   | |  2.3
Summonings     | |  4.9

Action                   || total
-------------------------++-------
Melee: Dagger            ||    36
       Unarmed           ||     4
 Cast: Summon Small Mamm ||    28
       Call Imp          ||     8
  Use: Scroll            ||     3
 Stab: Sleeping          ||     1
Armor: Robe              ||    25
Dodge: Dodged            ||    48

Table legend: (Time is in decaauts)
 A = Elapsed time spent in this place.
 B = Non-inter-level travel time spent in this place.
 C = Inter-level travel time spent in this place.
 D = Time resting spent in this place.
 E = Time spent auto-exploring this place.
 F = Levels seen in this place.
 G = Mean time per level.
                   A        B        C        D        E       F      G
               +--------+--------+--------+--------+--------+-----+--------+
         Total |   2098 |   2066 |     32 |    486 |   1332 |   2 | 1049.0 |
       Dungeon |   2098 |   2066 |     32 |    486 |   1332 |   2 | 1049.0 |
               +--------+--------+--------+--------+--------+-----+--------+

Top non-repeatable levels by time:
     D:1: 1844 daAuts
     D:2: 253 daAuts
